AoeStats
← RiD[D]iCK

Arena

504479917Analyzed
2v2 RM · 27d ago on Sep 5, 2026· 27m 13s· 4 players
Game mode
Random Map
Map size
Medium (4 player)
Population
200
Speed
Normal
Resources
Standard
Victory
Conquest
Starting age
Dark Age
Ending age
Imperial Age
RankedLock teamsTeams togetherTeam positionsShared explorationLock speedFull tech treeHidden civsTurbo modeCheats
Victory
Defeat
🇧🇷 Franks · Brazil
842
+14
🇦🇺 Lithuanians · Australia
806
+16
🇷🇺 Vikings · Russia
803
-15
🇷🇺 Persians · Russia
802
-15
nmcdo71
13:15 Feudal Age
11:58 Loom
17:12 Castle Age
20:05 Bloodlines
21:30 Husbandry
Aguia
4:06 Loom
11:18 Feudal Age
19:04 Castle Age
17:25 Double-Bit Axe
20:32 Padded Archer Armor
23:09 Gold Mining
RiD[D]iCK
12:26 Feudal Age
13:02 Horse Collar
13:12 Double-Bit Axe
14:28 Gold Mining
14:31 Stone Mining
20:05 Forging
19:57 Scale Mail Armor
24:51 Castle Age
25:44 Squires
25:15 Pikeman
TheMasterChief
11:42 Feudal Age
12:07 Double-Bit Axe
14:34 Horse Collar
20:17 Castle Age
23:18 Bow Saw
23:10 Heavy Plow
23:07 Arson
22:45 Man-at-Arms
23:13 Gambesons
23:50 Long Swordsman
26:51 Forging
Connection lost

Rejoining the realm…

Still unreachable

The connection could not be restored.

Session expired

The server has moved on; the page needs a fresh start.